 Dungeon Crawl Stone Soup version 0.21.1-1-g345015f (webtiles) character file.

32 inc the Chiller (level 3, 14/14 HPs)
             Began as a Felid Ice Elementalist on Mar 3, 2018.
             Quit the game in a sewer.
             The game lasted 00:03:41 (664 turns).

inc the Chiller (Felid Ice Elementalist)             Turns: 664, Time: 00:03:41

Health: 14/14      AC:  1    Str:  4    XL:     3   Next: 10%
Magic:  7/7        EV: 18    Int: 17    God:
Gold:   14         SH:  0    Dex: 16    Spells: 5/6 levels left
                                        Lives:  0   Deaths: 1

rFire    . . .     SeeInvis +   (weapon unavailable)
rCold    . . .     Gourm    .   (shield unavailable)
rNeg     . . .     Faith    .   (armour unavailable)
rPois    .         Spirit   .   (helmet unavailable)
rElec    .         Reflect  .   (cloak unavailable)
rCorr    .         Harm     .   (gloves unavailable)
MR       .....                  (boots unavailable)
Stlth    +++.......             (no amulet)
HPRegen  0.04/turn              (no ring)
MPRegen  0.10/turn              (no ring)

@: quick
A: very small, no armour, no weapons or thrown items, stealth, claws 1, fangs 3,
see invisible, carnivore, speed 1, shaggy fur 1, slow metabolism 1, sharp paws
a: no special abilities


You were in a sewer.
You were not hungry.

You visited 1 branch of the dungeon, and saw 3 of its levels.
You also visited: Sewer.

You collected 14 gold pieces.

Inventory:

Books
 a - a book of Frost

   Spells                             Type                      Level
   a - Freeze                         Ice                          1
   b - Throw Frost                    Conjuration/Ice              2
   c - Ozocubu's Armour               Charms/Ice                   3
   d - Throw Icicle                   Conjuration/Ice              4
   e - Summon Ice Beast               Ice/Summoning                4
Comestibles
 b - 2 rations


   Skills:
 - Level 2.6 Dodging
 - Level 2.6 Stealth
 - Level 2.0 Spellcasting
   Level 0.8 Conjurations
 + Level 4.5 Ice Magic


You had 5 spell levels left.
You knew the following spells:

 Your Spells              Type           Power        Failure   Level  Hunger
a - Freeze                Ice            ###.         3%          1    #......


Dungeon Overview and Level Annotations

Branches:
Dungeon (4/15)
 Temple: D:4-7

Altars:


Innate Abilities, Weirdness & Mutations

You cannot wear armour.
You are incapable of wielding weapons or throwing items.
Your paws allow you to move quietly. (Stealth)
You have sharp claws.
You have razor-sharp teeth.
You have supernaturally acute eyesight. (SInv)
You are carnivorous and can eat meat at any time.
You cover ground quickly.
You are covered in fur. (AC +1)
You have a slow metabolism.
Your sharp claws are effective at attacking unaware monsters.


Message History

The big kobold closely misses you.
You scratch the big kobold.
The big kobold is moderately wounded.
The big kobold closely misses you.
You scratch the big kobold but do no damage.
The big kobold is moderately wounded.
The big kobold barely misses you.
Casting: Freeze
Confirm with . or Enter, or press ? or * to list all spells.
Aiming: Freeze
Press: ? - help, Shift-Dir - straight line, f/p - big kobold
Aim: a big kobold (moderately wounded)
You freeze the big kobold.
The big kobold is heavily wounded.
The big kobold hits you!
You die...
You are now level 3!
You rejoin the land of the living...
Found a fizzy cyan potion.
Are you sure you want to abandon this character and quit the game? (Confirm with "yes".)

.!. .≈ #)# #≈ #.#
#≈ #.# #≈ #(# ##≈##
##K## ##...##
##†(.##
####.!≈.≈####.≈...#
≈≈≈≈≈.≈@.≈≈≈≈....≈#
####..≈?≈####..(≈.#
##.≈≈## ##..≈##
##≈## ##≈## #≈ #≈#
#≈ #≈# #≈ #≈# ##≈##
##≈## ##.≈≈##
##...##


There were no monsters in sight!

Vanquished Creatures
  A big kobold (Sewer)
  A hobgoblin (D:1)
  3 jackals (D:1)
  3 kobolds
  A rat (Sewer)
9 creatures vanquished.

Notes
Turn   | Place    | Note
-------+----------+-------------------------------------------
     0 | D:1      | inc the Felid Ice Elementalist began the quest for the Orb.
     0 | D:1      | Reached XP level 1. HP: 7/7 MP: 4/4
   130 | D:1      | Reached skill level 3 in Ice Magic
   455 | D:2      | You fall through a shaft for 2 floors!
   460 | D:4      | Noticed an ogre
   520 | D:4      | Noticed a worker ant
   555 | D:4      | Found a glowing drain.
   566 | Sewer    | Entered a sewer
   577 | Sewer    | Reached XP level 2. HP: 11/11 MP: 4/6
   624 | Sewer    | Noticed a big kobold
   625 | Sewer    | Noticed a big kobold
   636 | Sewer    | Killed a big kobold
   636 | Sewer    | Reached skill level 4 in Ice Magic
   636 | Sewer    | Reached XP level 3. HP: 8/14 MP: 0/7
   636 | Sewer    | Reached XP level 4. HP: 11/18 MP: 0/8
   663 | Sewer    | Slain by a big kobold
   664 | Sewer    | Reached XP level 3. HP: -3/14 MP: 0/7
   664 | Sewer    | Quit the game

Skill      XL: |  1  2 |
---------------+-------+-----
Ice Magic      | 3 4 |  4.5
Dodging        | |  2.6
Stealth        | |  2.6
Spellcasting   | |  2.0
Conjurations   | |  0.8

Action                   |  1- 3 |  4- 6 || total
-------------------------+-------+-------++-------
Melee: Unarmed           |    11 |    12 ||    23
 Cast: Freeze            |    18 |     3 ||    21
  Use: Scroll            |       |     1 ||     1
       Potion            |       |     1 ||     1
  Eat: Chunk             |     6 |       ||     6
Armor: Skin              |     1 |     1 ||     2
Dodge: Dodged            |    23 |    14 ||    37
